 Dungeon Crawl Stone Soup version 0.31-a0-229-g1fc7ce93e2 (webtiles) character file.

Game seed: 2739001503047278991

1162 qw the Skirmisher (level 8, -3/70 HPs)
             Began as a Minotaur Hexslinger on July 6, 2023.
             Slain by a killer bee (5 damage)
             ... on level 6 of the Dungeon.
             The game lasted 00:01:58 (5006 turns).

qw the Skirmisher (Minotaur Hexslinger)             Turns: 5006, Time: 00:01:58

Health: -3/70      AC:  7    Str: 12    XL:     8   Next: 17%
Magic:  8/8        EV: 12    Int: 10    God:
Gold:   351        SH:  0    Dex: 16    Spells: 8/9 levels left

rFire   + . .        Y - +0 orcbow
rCold   . . .        (shield currently unavailable)
rNeg    . . .        i - +0 leather armour {rPois}
rPois   +            (helmet restricted)
rElec   .            n - +0 cloak
rCorr   .            (no gloves)
SInv    .            j - +0 pair of boots
Will    .....        (no amulet)
Stlth   +            (no ring)
HPRegen 0.31/turn    (no ring)
MPRegen 0.11/turn

%: no passive effects
@: lethally poisoned (-3 -> -8), about to teleport
A: horns 2, retaliatory headbutt, iridescent scales 1, fire resistance 1
a: no special abilities


You were on level 6 of the Dungeon.
You visited 1 branch of the dungeon, and saw 6 of its levels.

You collected 351 gold pieces.


Innate Abilities, Weirdness & Mutations

You have a pair of horns on your head.
You reflexively headbutt those who attack you in melee.
You are partially covered in iridescent scales. (AC +2)
Your flesh is heat resistant. (rF+)


   Skills:
 + Level 5.8 Fighting
 - Level 9.0 Ranged Weapons
 - Level 2.1 Armour
 - Level 3.0 Dodging
 - Level 1.0 Spellcasting
 - Level 2.0 Hexes


You had 8 spell levels left.
You knew the following spells:

 Your Spells              Type           Power      Damage    Failure   Level
a - Slow                  Hex            16%        N/A       19%         1

Your spell library contained the following spells:

 Spells                   Type           Power      Damage    Failure   Level
 Inner Flame              Hex/Fire       2%         N/A       65%         3
 Portal Projectile        Hex/Tloc       4%         N/A       65%         3
 Cause Fear               Hex            2%         N/A       88%         4

Inventory:

Hand Weapons
 Y - a +0 orcbow (weapon)
Armour
 g - a +0 ring mail of positive energy
 i - a +0 leather armour of poison resistance (worn)
 j - a +0 pair of boots (worn)
 n - a +0 cloak (worn)
Jewellery
 h - a ring of fire
 o - a ring of poison resistance
Scrolls
 d - a scroll of blinking {unknown}
 m - a scroll of identify
Potions
 a - a potion of curing
 b - a potion of mutation
 e - 2 potions of enlightenment
 f - a potion of might
 k - a potion of heal wounds {unknown}
 l - a potion of haste {unknown}

Dungeon Overview and Level Annotations

Branches:
Dungeon (6/15)
 Temple: D:4-7

Altars:
Ashenzari
Uskayaw

Shops:
D:3 =

Annotations:
D:4 2 transporters


Message History

You shoot an arrow.
The arrow closely misses the killer bee.
You feel sick. The killer bee stings you. The killer bee barely misses you.
The killer bee stings you! The bullfrog barely misses you.
The killer bee closely misses you. The killer bee stings you.
The killer bee closely misses you. You furiously retaliate!
You headbutt the killer bee.
You kill the killer bee!
You shoot an arrow. The arrow hits the killer bee.
The killer bee is moderately wounded.
You feel sick. The bullfrog closely misses you.
The killer bee closely misses you. You furiously retaliate!
You headbutt the killer bee. The bullfrog closely misses you.
You furiously retaliate!
You headbutt the bullfrog. The killer bee stings you.
You are more poisoned.
The killer bee poisons you! The killer bee barely misses you.
The killer bee stings you but does no damage.
5004 ||| READING scroll of teleportation.
As you read the scroll of teleportation, it crumbles to dust.
You feel strangely unstable.
You feel very sick.
The killer bee stings you but does no damage.
The killer bee barely misses you. The killer bee stings you.
The bullfrog barely misses you. You furiously retaliate!
You headbutt the bullfrog. The killer bee stings you.
The killer bee misses you. You furiously retaliate!
You headbutt the killer bee! The killer bee barely misses you.
The bullfrog hits you.
You shoot an arrow. The arrow hits the killer bee!
You kill the killer bee!
You feel very sick. The killer bee stings you.
The killer bee stings you but does no damage.
The bullfrog barely misses you. The killer bee misses you.
The killer bee stings you but does no damage. x2
You shoot an arrow. The arrow hits the bullfrog!
You kill the bullfrog!
You feel sick. The killer bee barely misses you.
The killer bee stings you but does no damage.
The killer bee stings you.
You die...

......# ......######
.####......#
.#..#......####### #+
.#..#......#.....# ...
.'..#......'.....# ....
.#..'......#.....# .....
.#..#......##'####......
.#..#...........@yy.....
##..##..........yy......
.....#..................
.....#............#+##..
######.....######## .
#....#.....#
.....'.....#
#....#.....#
#....#.....#


You could see 4 killer bees.

Vanquished Creatures
  Grinder (D:5)
  Sigmund (D:5)
  A black bear (D:5)
  A bullfrog (D:6)
  4 scorpions
  2 killer bees (D:6)
  A howler monkey (D:6)
  2 jellies (D:3)
  2 iguanas
  Jessica (D:3)
  Terence (D:2)
  Natasha (D:2)
  4 gnolls (D:6)
  3 adders
  A white imp (D:6)
  2 ufetubi (D:5)
  2 dart slugs
  3 orcs
  7 ball pythons
  13 endoplasms
  6 giant cockroaches
  10 goblins
  10 hobgoblins
  7 jackals (D:5)
  14 kobolds
  8 quokkas
  4 bats
  4 frilled lizards
  4 rats
120 creatures vanquished.

Notes
Turn   | Place    | Note
-------+----------+-------------------------------------------
     0 | D:1      | qw the Minotaur Hexslinger began the quest for the Orb.
     0 | D:1      | Reached XP level 1. HP: 16/16 MP: 1/1
     0 | D:1      | 0 ||| qw: Version: 0.3-a-46-gb1f654a
     0 | D:1      | 0 ||| qw: Game counter: 1137
     0 | D:1      | 0 ||| qw: Melee chars always use a shield: true
     0 | D:1      | 0 ||| qw: God list: Okawaru
     0 | D:1      | 0 ||| qw: Allow faded altars: false
     0 | D:1      | 0 ||| qw: Do Orc after clearing Dungeon:15 true
     0 | D:1      | 0 ||| qw: Do second Lair branch before Depths: true
     0 | D:1      | 0 ||| qw: Lair rune preference: random
     0 | D:1      | 0 ||| qw: Goals: Normal
     0 | D:1      | 0 ||| PLANNING D:1-11
   167 | D:1      | Reached skill level 3 in Ranged Weapons
   167 | D:1      | Reached XP level 2. HP: 23/23 MP: 2/2
   523 | D:1      | You fall into a shaft and drop 1 floor!
   525 | D:2      | 525 ||| READING scroll labelled WAGHUZ GUO.
   626 | D:2      | 626 ||| READING scroll labelled QUF APHIRUMEEC.
   627 | D:2      | 627 ||| DROPPING scroll of poison.
   859 | D:2      | Noticed an eye of devastation
   862 | D:2      | Found a faded altar of an unknown god.
   864 | D:2      | Noticed a shining eye
   883 | D:2      | Noticed a great orb of eyes
   896 | D:2      | Noticed an eye of devastation
   916 | D:2      | Reached XP level 3. HP: 22/29 MP: 3/3
  1066 | D:2      | Noticed Terence
  1076 | D:2      | Killed Terence
  1077 | D:2      | Reached skill level 4 in Ranged Weapons
  1077 | D:2      | Reached XP level 4. HP: 25/36 MP: 4/4
  1459 | D:2      | 1459 ||| UPGRADING to +0 ring mail.
  1469 | D:2      | 1469 ||| DROPPING +0 robe.
  1470 | D:2      | 1470 ||| UPGRADING to +0 ring mail of positive energy.
  1480 | D:2      | 1480 ||| DROPPING +0 ring mail.
  1481 | D:2      | 1481 ||| READING scroll labelled ZAAJOY HITAO.
  1482 | D:2      | 1482 ||| READING scroll labelled RAFEMO OCOIKKI.
  1483 | D:2      | 1483 ||| DRINKING 2 metallic yellow potions.
  1731 | D:3      | 1731 ||| STAIRDANCE
  1801 | D:3      | Noticed Natasha
  1803 | D:3      | 1803 ||| FLEEEEING.
  1804 | D:3      | 1804 ||| FLEEEEING.
  1805 | D:3      | 1805 ||| FLEEEEING.
  1808 | D:3      | 1808 ||| FLEEEEING.
  1809 | D:3      | 1809 ||| FLEEEEING.
  1810 | D:3      | 1810 ||| FLEEEEING.
  1811 | D:3      | 1811 ||| FLEEEEING.
  1812 | D:3      | 1812 ||| FLEEEEING.
  1813 | D:3      | 1813 ||| FLEEEEING.
  1814 | D:3      | 1814 ||| FLEEEEING.
  1815 | D:3      | 1815 ||| FLEEEEING.
  1816 | D:3      | 1816 ||| FLEEEEING.
  1817 | D:3      | 1817 ||| FLEEEEING.
  1818 | D:3      | 1818 ||| FLEEEEING.
  1819 | D:3      | 1819 ||| FLEEEEING.
  1820 | D:3      | 1820 ||| FLEEEEING.
  1821 | D:3      | 1821 ||| FLEEEEING.
  1822 | D:3      | 1822 ||| STAIRDANCE
  1853 | D:2      | 1853 ||| READING scroll labelled MONOJO IPED.
  1856 | D:2      | 1856 ||| READING scroll labelled ADGHAN KUTOEX.
  1932 | D:3      | 1932 ||| STAIRDANCE
  1940 | D:2      | Killed Natasha
  2210 | D:3      | 2210 ||| SWAPPING to +0 orcbow.
  2211 | D:3      | 2211 ||| DROPPING +1 sling.
  2223 | D:3      | Found Saots's Jewellery Shop.
  2226 | D:3      | 2226 ||| SHOPLISTING +5 ring of evasion (432 gold, have
                  | 203).
  2226 | D:3      | 2226 ||| SHOPLISTING amulet of regeneration (360 gold, have
                  | 203).
  2226 | D:3      | 2226 ||| SHOPLISTING ring of ice (300 gold, have 203).
  2226 | D:3      | 2226 ||| SHOPLISTING ring of positive energy (240 gold,
                  | have 203).
  2226 | D:3      | 2226 ||| SHOPLISTING ring of protection from cold (300
                  | gold, have 203).
  2471 | D:3      | Noticed Jessica
  2473 | D:3      | Killed Jessica
  2474 | D:3      | Reached skill level 5 in Ranged Weapons
  2474 | D:3      | Reached XP level 5. HP: 41/41 MP: 5/5
  2540 | D:3      | Reached skill level 3 in Fighting
  2629 | D:3      | 2629 ||| UPGRADING to +0 leather armour of poison
                  | resistance.
  2639 | D:3      | 2639 ||| READING scroll labelled OFAFEN WAYCVO.
  2640 | D:3      | 2640 ||| DRINKING 2 clear potions.
  2650 | D:3      | 2650 ||| DRINKING 2 brown potions.
  2651 | D:3      | 2651 ||| DROPPING potion of ambrosia.
  2652 | D:3      | 2652 ||| DROPPING potion of attraction.
  2665 | D:4      | 2665 ||| PLANNING SEWER
  2731 | D:4      | Reached XP level 6. HP: 33/51 MP: 6/6
  2813 | D:4      | Reached skill level 6 in Ranged Weapons
  3245 | D:4      | Found a transporter.
  3247 | D:4      | Noticed a fire bat
  3248 | D:4      | Noticed a fire bat
  3295 | D:4      | Found a transporter.
  3328 | D:4      | 3328 ||| RIP SEWER
  3331 | D:4      | 3331 ||| PLANNING D:1-11
  3342 | D:4      | 3342 ||| Stepping ~*~*~tactically~*~*~ (outnumbered).
  3551 | D:4      | 3551 ||| UPGRADING to +0 pair of boots.
  3556 | D:4      | 3556 ||| DRINKING 2 murky white potions.
  3556 | D:4      | Gained mutation: Your flesh is heat resistant. (rF+)
                  | [potion of mutation]
  3556 | D:4      | Gained mutation: You are partially covered in iridescent
                  | scales. (AC +2) [potion of mutation]
  3557 | D:4      | 3557 ||| DRINKING 2 fizzy white potions.
  3583 | D:5      | Entered Level 5 of the Dungeon
  3668 | D:5      | Found a broken altar of Ashenzari.
  3680 | D:5      | Found a hide-covered altar of Uskayaw.
  3751 | D:5      | Noticed Sigmund
  3752 | D:5      | Noticed Grinder
  3761 | D:5      | Paralysed by Grinder for 2 turns
  3764 | D:5      | 3764 ||| FLEEEEING.
  3767 | D:5      | 3767 ||| FLEEEEING.
  3774 | D:5      | 3774 ||| FLEEEEING.
  3775 | D:5      | 3775 ||| FLEEEEING.
  3776 | D:5      | 3776 ||| FLEEEEING.
  3777 | D:5      | 3777 ||| FLEEEEING.
  3778 | D:5      | 3778 ||| FLEEEEING.
  3779 | D:5      | 3779 ||| FLEEEEING.
  3782 | D:5      | 3782 ||| FLEEEEING.
  3783 | D:5      | 3783 ||| FLEEEEING.
  3784 | D:5      | 3784 ||| FLEEEEING.
  3785 | D:5      | 3785 ||| FLEEEEING.
  3786 | D:5      | 3786 ||| FLEEEEING.
  3787 | D:5      | 3787 ||| FLEEEEING.
  3788 | D:5      | 3788 ||| FLEEEEING.
  3796 | D:5      | 3796 ||| STAIRDANCE
  3894 | D:5      | Killed Sigmund
  3895 | D:5      | Reached skill level 7 in Ranged Weapons
  3895 | D:5      | Reached XP level 7. HP: 60/60 MP: 7/7
  3917 | D:5      | Killed Grinder
  3918 | D:5      | Reached skill level 8 in Ranged Weapons
  3970 | D:5      | HP: 12/61 [scorpion (4)]
  3973 | D:5      | Reached skill level 3 in Dodging
  4684 | D:5      | 4684 ||| UPGRADING to +0 cloak.
  4689 | D:5      | 4689 ||| READING 4 scrolls of identify.
  4689 | D:5      | 4689 ||| IDENTIFYING white potion
  4690 | D:5      | 4690 ||| READING 3 scrolls of identify.
  4690 | D:5      | 4690 ||| IDENTIFYING dark potion
  4691 | D:5      | 4691 ||| READING 2 scrolls of identify.
  4691 | D:5      | 4691 ||| IDENTIFYING bubbling purple potion
  4692 | D:5      | 4692 ||| DROPPING potion of magic.
  4693 | D:5      | 4693 ||| DROPPING potion of berserk rage.
  4726 | D:6      | 4726 ||| PLANNING OSSUARY
  4747 | D:6      | Reached XP level 8. HP: 66/68 MP: 8/8
  4747 | D:6      | 4747 ||| Stepping ~*~*~tactically~*~*~ (outnumbered).
  4763 | D:6      | Reached skill level 9 in Ranged Weapons
  5003 | D:6      | HP: 16/69 [poisoned by a killer bee]
  5004 | D:6      | 5004 ||| READING scroll of teleportation.
  5005 | D:6      | HP: 5/69 [poisoned by a killer bee]
  5006 | D:6      | HP: 2/70 [poisoned by a killer bee]
  5006 | D:6      | Slain by a killer bee

Levels and vault maps discovered:
D:1:      roderic_chinese_lattice_arrival, layout_basic,
          chequers_serial_rivers_marsh
D:2:      layout_basic, hellmonk_ecumenical_altar_watching_god,
          eino_tiny_chamber, dk_vineyard_2, uniq_terence
D:3:      cheibrodos_fertilizer, layout_rooms, serial_corexii_hall,
          corexii_hall_statues_x, corexii_hall_statues_l, serial_shops,
          nicolae_shop_behind_doors, uniq_jessica, uniq_natasha
D:4:      gammafunk_cloud_chamber, layout_basic, gup_sewer_entry_bowl,
          minmay_distorted
D:5:      layout_gridville, amethyst_overflow_temple_binary, uniq_sigmund,
          uniq_grinder
D:6:      layout_gridville, enter_ossuary_4

Skill      XL: |  1  2  3  4  5  6  7  8 |
---------------+-------------------------+-----
Ranged Weapons | 3 4 5 7 8 9 |  9.0
Fighting       | 2 3 4 5 |  5.8
Armour         | 2 |  2.1
Dodging        | 3 |  3.0
Spellcasting   | |  1.0
Hexes          | |  2.0

Action                     |  1- 3 |  4- 6 |  7- 9 || total
---------------------------+-------+-------+-------++-------
   Fire: Sling             |    95 |    64 |       ||   159
         Orcbow            |       |   120 |   118 ||   238
    Use: Scroll            |     2 |     5 |     4 ||    11
         Potion            |       |     5 |       ||     5
 Armour: Robe              |     2 |       |       ||     2
         Ring mail         |       |    17 |       ||    17
         Leather armour    |       |     5 |    42 ||    47
  Dodge: Dodged            |    28 |    65 |    95 ||   188

Table legend:
 A = Non-vault XP
 B = Vault XP
 C = Vault XP percentage of total XP
 D = Non-vault monster count
 E = Vault monster count
 F = Vault count percentage of total count
                 A         B        C        D         E       F
            +---------+---------+-------+---------+---------+-------
      Total |    1067 |     683 |  39.0 |      93 |      27 |  22.5
            +---------+---------+-------+---------+---------+-------
        D:1 |      25 |       0 |   0.0 |      15 |       0 |   0.0
        D:2 |      46 |      71 |  60.7 |      20 |       2 |   9.1
        D:3 |      31 |     147 |  82.6 |      17 |      18 |  51.4
        D:4 |     238 |       9 |   3.6 |      15 |       5 |  25.0
        D:5 |     386 |     456 |  54.2 |      17 |       2 |  10.5
        D:6 |     341 |       0 |   0.0 |       9 |       0 |   0.0
            +---------+---------+-------+---------+---------+-------
